TOP OF THE 1ST |
San Francisco Bandits batting - Pitching for Pocatello Bellas : RHP Kevin Bush
|
Pitching: RHP Kevin Bush
|
|
Batting: RHB Scott Merritt
|
0-0: Called Strike 0-1: Ground out 6-3 (Groundball, 6)
|
Batting: RHB Peter Bishop
|
0-0: Ball 1-0: Ball 2-0: Called Strike 2-1: SINGLE (Groundball, 56) (infield hit)
|
Batting: LHB Chris Austin
|
0-0: Ball 1-0: Called Strike 1-1: Fly out, F8 (Flyball, 8RD)
|
Batting: RHB Owen Carter
|
0-0: Called Strike Peter Bishop steals 2nd base 0-1: TRIPLE (Flyball, 89XD) Peter Bishop scores
|
Batting: RHB Millard Stark
|
0-0: Called Strike 0-1: Foul Ball, location: 2F 0-2: Strikes out swinging
|
Top of the 1st over - 1 run, 2 hits, 0 errors, 1 left on base; San Francisco 1 - Pocatello 0 |
BOTTOM OF THE 1ST |
Pocatello Bellas batting - Pitching for San Francisco Bandits : RHP Gennarino Lucchetti
|
Pitching: RHP Gennarino Lucchetti
|
|
Batting: RHB Buck Jones
|
0-0: Ball 1-0: Called Strike 1-1: Swinging Strike 1-2: Ball 2-2: Strikes out swinging
|
Batting: LHB Keith Beard
|
0-0: Foul Ball, location: 2F 0-1: Ball 1-1: Foul Ball, location: 2F 1-2: Ball 2-2: Ball 3-2: SINGLE (Groundball, 4MD)
|
Batting: SHB Shane Hutchinson
|
0-0: Called Strike 0-1: Foul Ball, location: 2F 0-2: Ball 1-2: SINGLE (Groundball, 4MD) Keith Beard to second
|
Batting: LHB Roberto García
|
0-0: Grounds into double play, 6-4-3 (Groundball, 6)
|
Bottom of the 1st over - 0 runs, 2 hits, 0 errors, 1 left on base; San Francisco 1 - Pocatello 0 |
TOP OF THE 2ND |
San Francisco Bandits batting - Pitching for Pocatello Bellas : RHP Kevin Bush
|
Batting: RHB Michael Elliott
|
0-0: Ball 1-0: SINGLE (Groundball, 34D)
|
Batting: RHB Javier Ramírez
|
0-0: Called Strike 0-1: Ball 1-1: Called Strike Michael Elliott steals 2nd base 1-2: Foul Ball, location: 2F 1-2: Ball 2-2: 2-RUN HOME RUN (Flyball, 9D), Distance : 362 ft
|
Batting: SHB Terry Dailey
|
0-0: Ball 1-0: SINGLE (Line Drive, 8LS)
|
Batting: RHB Lorenzo Mota
|
0-0: Foul Ball, location: 2F 0-1: Foul Ball, location: 2F 0-2: Strikes out swinging
|
Batting: RHB Scott Merritt
|
0-0: Called Strike Terry Dailey is caught stealing 2nd base 0-1: Fly out, F6 (Line Drive, 6)
|
Top of the 2nd over - 2 runs, 3 hits, 0 errors, 0 left on base; San Francisco 3 - Pocatello 0 |
BOTTOM OF THE 2ND |
Pocatello Bellas batting - Pitching for San Francisco Bandits : RHP Gennarino Lucchetti
|
Batting: RHB Lonnie Anderson
|
0-0: Called Strike 0-1: Called Strike 0-2: Ball 1-2: Fly out, F2 (Popup, 2RF)
|
Batting: SHB Juan Castro
|
0-0: DOUBLE (Line Drive, 9D)
|
Batting: RHB Francisco Ibarra
|
0-0: Ball 1-0: Fly out, F9 (Flyball, 9LM)
|
Batting: RHB Júlio Figueroa
|
0-0: Foul Ball, location: 2F 0-1: Swinging Strike 0-2: Ball 1-2: Ball 2-2: Foul Ball, location: 2F 2-2: Ground out 6-3 (Groundball, 6D)
|
Bottom of the 2nd over - 0 runs, 1 hit, 0 errors, 1 left on base; San Francisco 3 - Pocatello 0 |
TOP OF THE 3RD |
San Francisco Bandits batting - Pitching for Pocatello Bellas : RHP Kevin Bush
|
Batting: RHB Peter Bishop
|
0-0: Fly out, F7 (Flyball, 78M)
|
Batting: LHB Chris Austin
|
0-0: Called Strike 0-1: Ball 1-1: Ball 2-1: Called Strike 2-2: SINGLE (Line Drive, 8LM)
|
Batting: RHB Owen Carter
|
0-0: Ball 1-0: Called Strike 1-1: Reached on error, E1 (Groundball, 13S) Chris Austin to second
|
Batting: RHB Millard Stark
|
0-0: Ball 1-0: Ball 2-0: Swinging Strike 2-1: Swinging Strike 2-2: Strikes out swinging
|
Batting: RHB Michael Elliott
|
0-0: Called Strike 0-1: Swinging Strike 0-2: Ball 1-2: Foul Ball, location: 2F 1-2: Strikes out swinging
|
Top of the 3rd over - 0 runs, 1 hit, 1 error, 2 left on base; San Francisco 3 - Pocatello 0 |
BOTTOM OF THE 3RD |
Pocatello Bellas batting - Pitching for San Francisco Bandits : RHP Gennarino Lucchetti
|
Batting: RHB Javier Deleón
|
0-0: Ball 1-0: Ball 2-0: Foul Ball, location: 2F 2-1: Foul Ball, location: 2F 2-2: SINGLE (Groundball, 6MD)
|
Batting: RHB Buck Jones
|
0-0: Ball 1-0: Foul Ball, location: 2F 1-1: Ball 2-1: Ball 3-1: Called Strike 3-2: Foul Ball, location: 2F 3-2: Fly out, F7 (Flyball, 7)
|
Batting: LHB Keith Beard
|
0-0: Ball 1-0: Foul Ball, location: 2F 1-1: Called Strike 1-2: Fly out, F8 (Line Drive, 8RM)
|
Batting: SHB Shane Hutchinson
|
Balk! Javier Deleón to second 0-0: Ball 1-0: 2-RUN HOME RUN (Line Drive, 9LD), Distance : 354 ft
|
Batting: LHB Roberto García
|
0-0: Ball 1-0: DOUBLE (Line Drive, 9D)
|
Batting: RHB Lonnie Anderson
|
0-0: Called Strike 0-1: Called Strike 0-2: Ball 1-2: DOUBLE (Line Drive, 9LS) Roberto García scores
|
Batting: SHB Juan Castro
|
0-0: Ball 1-0: Swinging Strike 1-1: Ball 2-1: Ball 3-1: Swinging Strike 3-2: DOUBLE (Line Drive, 7D) Lonnie Anderson scores
|
Batting: RHB Francisco Ibarra
|
0-0: Called Strike 0-1: Ground out U3 (Groundball, 3)
|
Bottom of the 3rd over - 4 runs, 5 hits, 0 errors, 1 left on base; San Francisco 3 - Pocatello 4 |
TOP OF THE 4TH |
San Francisco Bandits batting - Pitching for Pocatello Bellas : RHP Kevin Bush
|
Batting: RHB Javier Ramírez
|
0-0: Ball 1-0: Ball 2-0: Foul Ball, location: 2F 2-1: Ball 3-1: Foul Ball, location: 2F 3-2: Foul Ball, location: 2F 3-2: Ground out 4-3 (Groundball, 4)
|
Batting: SHB Terry Dailey
|
0-0: Called Strike 0-1: SINGLE (Groundball, 56D)
|
Batting: RHB Lorenzo Mota
|
0-0: Ball Terry Dailey steals 2nd base 1-0: Ball 2-0: Ground out 5-3 (Groundball, 5)
|
Batting: RHB Scott Merritt
|
0-0: Called Strike 0-1: Ball 1-1: Called Strike 1-2: SINGLE (Groundball, 6D) Terry Dailey to third Runner from 3rd tries for Home, throw and OUT!
|
Top of the 4th over - 0 runs, 2 hits, 0 errors, 1 left on base; San Francisco 3 - Pocatello 4 |
BOTTOM OF THE 4TH |
Pocatello Bellas batting - Pitching for San Francisco Bandits : RHP Gennarino Lucchetti
|
Batting: RHB Júlio Figueroa
|
0-0: Called Strike 0-1: Ball 1-1: Ball 2-1: SINGLE (Groundball, 4MD)
|
Batting: RHB Javier Deleón
|
0-0: Called Strike 0-1: Ball 1-1: Ball Wild Pitch! Júlio Figueroa to second 2-1: Ball 3-1: Fly out, F7 (Flyball, 7S)
|
Batting: RHB Buck Jones
|
0-0: Ball 1-0: Ball 2-0: Called Strike 2-1: Called Strike 2-2: Ball 3-2: Base on Balls
|
Batting: LHB Keith Beard
|
0-0: Ball 1-0: Foul Ball, location: 2F 1-1: Fly out, F8 (Flyball, 89D) Runner from 2nd tags up, SAFE at 3rd with throw
|
Batting: SHB Shane Hutchinson
|
0-0: Fly out, F6 (Popup, 6S)
|
Bottom of the 4th over - 0 runs, 1 hit, 0 errors, 2 left on base; San Francisco 3 - Pocatello 4 |
TOP OF THE 5TH |
San Francisco Bandits batting - Pitching for Pocatello Bellas : RHP Kevin Bush
|
Batting: RHB Peter Bishop
|
0-0: Swinging Strike 0-1: Foul Ball, location: 2F 0-2: Strikes out looking
|
Batting: LHB Chris Austin
|
0-0: Ball 1-0: Foul Ball, location: 2F 1-1: Ball 2-1: Ball 3-1: Called Strike 3-2: Strikes out looking
|
Batting: RHB Owen Carter
|
0-0: Ball 1-0: Called Strike 1-1: Ground out 1-3 (Groundball, 13)
|
Top of the 5th over - 0 runs, 0 hits, 0 errors, 0 left on base; San Francisco 3 - Pocatello 4 |
BOTTOM OF THE 5TH |
Pocatello Bellas batting - Pitching for San Francisco Bandits : RHP Gennarino Lucchetti
|
Batting: LHB Roberto García
|
0-0: Ball 1-0: Called Strike 1-1: DOUBLE (Line Drive, 7LD)
|
Batting: RHB Lonnie Anderson
|
0-0: Called Strike 0-1: Foul Ball, location: 2F 0-2: Ball 1-2: Strikes out looking
|
Batting: SHB Juan Castro
|
0-0: Ball 1-0: DOUBLE (Line Drive, 78M) Roberto García scores
|
Batting: RHB Francisco Ibarra
|
0-0: Called Strike 0-1: Called Strike 0-2: Fly out, F7 (Flyball, 7LSF)
|
Batting: RHB Júlio Figueroa
|
0-0: Ground out 5-3 (Groundball, 56S)
|
Bottom of the 5th over - 1 run, 2 hits, 0 errors, 1 left on base; San Francisco 3 - Pocatello 5 |
TOP OF THE 6TH |
San Francisco Bandits batting - Pitching for Pocatello Bellas : RHP Kevin Bush
|
Batting: RHB Millard Stark
|
0-0: Ball 1-0: Ball 2-0: Foul Ball, location: 2F 2-1: Swinging Strike 2-2: Ball 3-2: Foul Ball, location: 2F 3-2: Strikes out looking
|
Batting: RHB Michael Elliott
|
0-0: Called Strike 0-1: Foul Ball, location: 2F 0-2: Ball 1-2: Foul Ball, location: 2F 1-2: Strikes out swinging
|
Batting: RHB Javier Ramírez
|
0-0: Ball 1-0: SINGLE (Groundball, 4MD)
|
Batting: SHB Terry Dailey
|
0-0: Called Strike 0-1: Ball Javier Ramírez is caught stealing 2nd base
|
Top of the 6th over - 0 runs, 1 hit, 0 errors, 0 left on base; San Francisco 3 - Pocatello 5 |
BOTTOM OF THE 6TH |
Pocatello Bellas batting - Pitching for San Francisco Bandits : RHP Gennarino Lucchetti
|
Pitching: RHP Brad Sharpe
|
|
Batting: RHB Javier Deleón
|
0-0: Called Strike 0-1: Ball 1-1: Foul Ball, location: 2F 1-2: Ground out 3-1 (Groundball, 34)
|
Batting: RHB Buck Jones
|
0-0: Fly out, F9 (Flyball, 89XD)
|
Batting: LHB Keith Beard
|
0-0: Called Strike 0-1: Ball 1-1: Ball 2-1: Ball 3-1: Ball
|
Batting: SHB Shane Hutchinson
|
0-0: Foul Ball, location: 2F 0-1: Ball 1-1: Ball 2-1: SINGLE (Groundball, 34D) Keith Beard to second Runner from 2nd tries for 3rd, SAFE, no throw
|
Batting: LHB Roberto García
|
0-0: Ball 1-0: Ball 2-0: Called Strike 2-1: SINGLE (Line Drive, 56) Keith Beard scores Shane Hutchinson to second
|
Batting: RHB Lonnie Anderson
|
0-0: Ball 1-0: Ball 2-0: Fly out, F9 (Flyball, 89D)
|
Bottom of the 6th over - 1 run, 2 hits, 0 errors, 2 left on base; San Francisco 3 - Pocatello 6 |
TOP OF THE 7TH |
San Francisco Bandits batting - Pitching for Pocatello Bellas : RHP Kevin Bush
|
Batting: SHB Terry Dailey
|
0-0: Ball 1-0: Called Strike 1-1: Foul Ball, location: 2F 1-2: Foul Ball, location: 2F 1-2: Foul Ball, location: 2F 1-2: Foul Ball, location: 2F 1-2: Ball 2-2: Strikes out looking
|
Batting: RHB Lorenzo Mota
|
0-0: Called Strike 0-1: Ball 1-1: Fly out, F8 (Line Drive, 8LS)
|
Batting: RHB Scott Merritt
|
0-0: Ball 1-0: Foul Ball, location: 2F 1-1: Ground out 6-3 (Groundball, 6M)
|
Top of the 7th over - 0 runs, 0 hits, 0 errors, 0 left on base; San Francisco 3 - Pocatello 6 |
BOTTOM OF THE 7TH |
Pocatello Bellas batting - Pitching for San Francisco Bandits : RHP Brad Sharpe
|
Batting: SHB Juan Castro
|
0-0: Called Strike 0-1: Fly out, F8 (Flyball, 8LS)
|
Batting: RHB Francisco Ibarra
|
0-0: Ball 1-0: Swinging Strike 1-1: Foul Ball, location: 2F 1-2: Ball 2-2: Strikes out swinging
|
Batting: RHB Júlio Figueroa
|
0-0: Fly out, F3 (Line Drive, 3S)
|
Bottom of the 7th over - 0 runs, 0 hits, 0 errors, 0 left on base; San Francisco 3 - Pocatello 6 |
TOP OF THE 8TH |
San Francisco Bandits batting - Pitching for Pocatello Bellas : RHP Kevin Bush
|
Batting: RHB Peter Bishop
|
0-0: Ball 1-0: Foul Ball, location: 2F 1-1: Foul Ball, location: 2F 1-2: Foul Ball, location: 2F 1-2: Ground out 4-3 (Groundball, 4)
|
Batting: LHB Chris Austin
|
0-0: Hit by Pitch
|
Batting: RHB Owen Carter
|
0-0: Ball 1-0: Ball 2-0: Swinging Strike 2-1: Ball 3-1: Base on Balls Chris Austin to second
|
Batting: RHB Millard Stark
|
0-0: Ball 1-0: Fly out, F8 (Flyball, 8LS)
|
Batting: RHB Michael Elliott
|
0-0: Ball 1-0: Ball 2-0: Ground out 6-3 (Groundball, 56)
|
Top of the 8th over - 0 runs, 0 hits, 0 errors, 2 left on base; San Francisco 3 - Pocatello 6 |
BOTTOM OF THE 8TH |
Pocatello Bellas batting - Pitching for San Francisco Bandits : RHP Brad Sharpe
|
Batting: RHB Javier Deleón
|
0-0: Swinging Strike 0-1: Called Strike 0-2: Strikes out swinging
|
Batting: RHB Buck Jones
|
0-0: Hit by Pitch
|
Pitching: LHP Armando Rodríguez
|
|
Batting: LHB Keith Beard
|
0-0: Ball 1-0: Called Strike 1-1: Ball 2-1: Foul Ball, location: 2F 2-2: Grounds into double play, 4-6-3 (Groundball, 4)
|
Bottom of the 8th over - 0 runs, 0 hits, 0 errors, 0 left on base; San Francisco 3 - Pocatello 6 |
TOP OF THE 9TH |
San Francisco Bandits batting - Pitching for Pocatello Bellas : RHP Kevin Bush
|
Pitching: RHP Jaime Espinoza
|
|
Batting: RHB Javier Ramírez
|
0-0: Foul Ball, location: 2F 0-1: Ball 1-1: Swinging Strike 1-2: Ball 2-2: Strikes out swinging
|
Batting: SHB Terry Dailey
|
0-0: Ball 1-0: Ball 2-0: Ball 3-0: Called Strike 3-1: Base on Balls
|
Batting: RHB Lorenzo Mota
|
0-0: Called Strike 0-1: Ball 1-1: Foul Ball, location: 2F 1-2: Ball 2-2: Strikes out looking
|
Batting: RHB Scott Merritt
|
0-0: Called Strike 0-1: Swinging Strike 0-2: Ball 1-2: Foul Ball, location: 2F 1-2: Ball 2-2: Ball 3-2: Ground out U3 (Groundball, 34S)
|
Top of the 9th over - 0 runs, 0 hits, 0 errors, 1 left on base; San Francisco 3 - Pocatello 6 |
|